 Dungeon Crawl Stone Soup version 0.18.1-48-g4cf74bf (webtiles) character file.

178084 HEYYEYAAE the Gelid (level 17, -2/150 HPs)
             Began as a Grey Draconian Ice Elementalist on Aug 27, 2016.
             Was the Champion of Okawaru.
             Slain by a tentacle (22 damage)
             ... attached to a kraken
             ... on level 4 of the Shoals.
             The game lasted 01:48:27 (40462 turns).

HEYYEYAAE the Gelid (DrIE)                         Turns: 40462, Time: 01:48:28

Health: -2/150     AC: 23    Str: 12    XL:     17   Next: 56%
Magic:  35/63      EV: 27    Int: 49    God:    Okawaru [******]
Gold:   282        SH:  7    Dex: 24    Spells: 10 memorised, 9 levels left

rFire  + . .     SeeInvis .     k - +10 spear of Doom {flame, rC+ Int+5}
rCold  + + .     Gourm    .     (armour unavailable)
rNeg   . . .     Faith    +     D - +1 buckler "Putucuu" {rElec MP+9 Dex+3}
rPois  +         Spirit   .     R - +2 hat of the Leaf {Int+9}
rElec  +         Dismiss  .     L - +2 cloak {rPois}
rCorr  +         Reflect  .     c - +2 pair of fencer's gloves {LBl+4 SBl+4 EV+3 Dex+6}
SustAt .         Harm     .     X - +0 pair of boots of Anaesthesia {*Contam rCorr MP+9 Int+5}
MR     +....                    t - amulet of faith
Stlth  ++........               V - ring of Piompo {rC+ Int+5 Dex+3}
                                H - ring of Maedor {rF+ MP+9 Int+4}

@: about to teleport, very slightly contaminated, hasted, deflect missiles, very
quick, somewhat resistant to hostile enchantments, unstealthy
A: walk through water, unfitting armour, unbreathing, cold-blooded, AC +14
a: Heroism, Finesse, Renounce Religion


You were on level 4 of the Shoals.
You worshipped Okawaru.
Okawaru was exalted by your worship.
You were very full.

You visited 7 branches of the dungeon, and saw 31 of its levels.
You also visited: Labyrinth and Ice Cave.

You collected 2726 gold pieces.
You spent 2444 gold pieces at shops.

Inventory:

Hand Weapons
 k - the +10 spear of Doom (weapon) {flame, rC+ Int+5}
   (You bought it in a shop on level 9 of the Dungeon)

   It has been specially enchanted to burn those struck by it, causing extra
   injury to most foes and up to half again as much damage against particularly
   susceptible opponents.
   It affects your intelligence (+5).
   It protects you from cold.
Armour
 c - the +2 pair of fencer's gloves (worn) {LBl+4 SBl+4 EV+3 Dex+6}
   (Okawaru gifted it to you on level 2 of the Snake Pit)

   It affects your evasion (+3).
   It affects your dexterity (+6).
 u - a +2 pair of boots of running
 D - the +1 buckler "Putucuu" (worn) {rElec MP+9 Dex+3}
   (Okawaru gifted it to you on level 2 of the Shoals)

   It affects your dexterity (+3).
   It insulates you from electricity.
   It affects your magic capacity (+9).
 I - the +0 cloak of Refuge {*Confuse rN+ Int+4}
   (Okawaru gifted it to you on level 1 of the Lair of Beasts)

   It affects your intelligence (+4).
   It protects you from negative energy.
   It may confuse you when you take damage.
 L - a +2 cloak of poison resistance (worn)
 R - the +2 hat of the Leaf (worn) {Int+9}
   (Okawaru gifted it to you on level 4 of the Lair of Beasts)

   It affects your intelligence (+9).
 X - the +0 pair of boots of Anaesthesia (worn) {*Contam rCorr MP+9 Int+5}
   (You bought it in a shop on level 2 of the Orcish Mines)

   It affects your intelligence (+5).
   It affects your magic capacity (+9).
   It causes magical contamination when unequipped.
   It protects you from acid and corrosion.
Jewellery
 g - an uncursed ring of ice
 o - an uncursed ring of resist corrosion
 t - an amulet of faith (around neck)
 x - an uncursed amulet of regeneration
 H - the ring of Maedor (left hand) {rF+ MP+9 Int+4}
   (You found it in a labyrinth)

   [ring of magical power]

   It affects your intelligence (+4).
   It protects you from fire.
   It affects your magic capacity (+9).
 P - the ring "Tausk" {SustAt MR+ Str+4 SInv}
   (You found it on level 2 of the Lair of Beasts)

   [ring of sustain attributes]

   It sustains your strength, intelligence and dexterity.
   It affects your strength (+4).
   It affects your resistance to hostile enchantments.
   It lets you see invisible.
 S - an uncursed ring of flight
 V - the ring of Piompo (right hand) {rC+ Int+5 Dex+3}
   (You found it on level 4 of the Lair of Beasts)

   [ring of protection from cold]

   It affects your intelligence (+5).
   It affects your dexterity (+3).
   It protects you from cold.
Wands
 a - a wand of lightning (4/15)
 d - a wand of confusion (26/48)
 f - a wand of confusion (0/48)
 i - a wand of flame (23/48)
 p - a wand of confusion (10/48)
 w - a wand of disintegration (5/24)
 z - a wand of digging (8/24)
 A - a wand of slowing (36/48)
 E - a wand of acid (2/15)
 O - a wand of disintegration (8/24)
 Q - a wand of disintegration (10/24)
 U - a wand of confusion (13/48)
 W - a wand of digging (13/24)
 Z - a wand of flame (23/48)
Scrolls
 h - 2 scrolls of teleportation
 l - a scroll of holy word
 m - 9 scrolls of amnesia
 q - a scroll of remove curse
 v - 5 scrolls of fog
 y - a scroll of immolation
 B - 6 scrolls of enchant armour
 K - a scroll of recharging
Potions
 e - 5 potions of brilliance
 j - 2 potions of agility
 n - a potion of lignification
 r - 5 potions of flight
 F - 3 potions of curing
 J - 2 potions of cure mutation
 M - a potion of ambrosia
 N - 2 potions of cancellation
 T - 4 potions of magic
Comestibles
 b - 17 bread rations
 C - 6 meat rations
 Y - 28 fruits


   Skills:
 + Level 13.4 Fighting
 + Level 11.1 Dodging
 - Level 1.7 Stealth
 - Level 4.0 Shields
 * Level 15.3 Spellcasting
 - Level 1.0 Conjurations
 - Level 9.0 Charms
 * Level 16.5 Ice Magic
 + Level 9.7 Evocations


You had 9 spell levels left.
You knew the following spells:

 Your Spells              Type           Power        Failure   Level  Hunger
a - Freeze                Ice            ####         0%          1    None
b - Throw Icicle          Conj/Ice       #######.     1%          4    None
c - Summon Ice Beast      Ice/Summ       #######.     1%          4    None
d - Throw Frost           Conj/Ice       ######       1%          2    None
e - Ozocubu's Armour      Chrm/Ice       ########     0%          3    None
f - Summon Butterflies    Summ           #####...     1%          1    None
g - Apportation           Tloc           #####.....   1%          1    None
h - Haste                 Chrm           #######.     2%          6    None
i - Deflect Missiles      Chrm/Air       ######....   17%         6    None
j - Glaciate              Conj/Ice       #######...   100%        9    #####..


Dungeon Overview and Level Annotations

Branches:
Dungeon (13/15)            Temple (1/1) D:4            Lair (8/8) D:11
 Shoals (4/4) Lair:3        Snake (2/4) Lair:6        Slime (0/6) Lair:7
    Orc (2/2) D:9             Elf (1/3) Orc:2
 Vaults: D:13-14

Altars:
Ashenzari
Cheibriados
Dithmenos
Elyvilon
Fedhas
Kikubaaqudgha
Makhleb
Okawaru
Ru
Trog
Vehumet
Xom
Yredelemnul
Zin
The Shining One
Beogh

Shops:
D:5 [   D:9 (   D:10 (   D:12 }*   Orc:2 **:([   Elf:1 !   Shoals:1 *?!:*
Shoals:3 ?

Portals:
Hell: Lair:8
Pandemonium: Orc:2

Annotations:
D:12 Rupert
Shoals:4 Ilsuiw
Snake:2 3 runed doors, Vashnia


Innate Abilities, Weirdness & Mutations

You can walk through water.
Your dull iron-grey scales are very hard (AC +14).
Your body does not fit into most forms of armour.
You can survive without breathing.
You are cold-blooded and may be slowed by cold attacks.


Message History

* * * LOW HITPOINT WARNING * * *
The tentacle closely misses you. You block the tentacle's attack.
The tentacle slaps you!
* * * LOW HITPOINT WARNING * * *
Drink which item? (? for menu, Esc to quit)
Okay, then.
Evoke which item? (* to show all) (? for menu, Esc to quit)
Zapping:
f - a wand of confusion (1/48)
Press: ? - help, Shift-Dir - straight line, f - kraken
Aim: a kraken (water, heavily wounded, chance to defeat MR: 32%)
The kraken easily resists.
This wand has 0 charges left.
The tentacle completely misses you. You block the kraken's attack.
The tentacle completely misses you. x2; The tentacle misses you.
Evoke which item? (* to show all) (? for menu, Esc to quit)
Zapping:
U - a wand of confusion (14/48)
Press: ? - help, Shift-Dir - straight line, f/p - kraken
Aim: a kraken (water, heavily wounded, chance to defeat MR: 32%)
The kraken easily resists.
This wand has 13 charges left.
The tentacle slaps you!!
You die...

#########################
≈≈≈≈≈≈≈≈≈≈≈≈≈≈≈≈≈≈≈≈≈≈≈≈≈
≈≈≈≈≈≈≈≈≈≈≈≈≈≈≈≈≈≈≈≈≈≈≈≈≈
≈≈≈≈≈≈≈≈≈≈≈≈≈≈≈w≈w≈≈≈≈≈≈≈
≈≈≈≈≈≈≈≈≈≈≈≈≈≈≈≈@X≈≈≈≈≈≈≈
≈≈≈≈≈≈≈≈≈≈≈≈≈≈≈w≈w≈≈≈≈≈≈≈
≈≈≈≈≈≈≈≈≈≈≈≈≈≈≈≈≈≈≈≈≈≈≈≈≈
≈≈≈≈≈≈≈≈≈.....≈≈≈≈≈≈≈≈≈≈≈
≈≈≈..######.....≈≈≈≈≈≈≈≈≈
≈≈..#≈≈..≈##.....≈≈≈≈≈≈≈≈
≈≈.#≈≈#...≈##....######≈≈
≈.#≈≈≈≈≈#..≈#...#≈≈ #≈
≈.#.#≈≈≈≈≈.≈#..#.#≈≈


You could see a kraken and 4 tentacles.

Vanquished Creatures
  Jorgrun (Shoals:2)
  Roxanne (Snake:2)
  A greater naga (Snake:1)
  An orc warlord (Orc:2)
  2 stone giants
  A deep elf annihilator (Elf:1)
  A dire elephant (Lair:8)
  Azrael (Orc:2)
  An ettin (Orc:2)
  6 merfolk impalers
  4 naga warriors (Snake:1)
  8 hydras
  2 merfolk avatars
  2 anacondas (Snake:2)
  A catoblepas (Shoals:2)
  An alligator snapping turtle (Shoals:2)
  3 satyrs
  6 dancing weapons (Elf:1)
  A death yak (Shoals:2)
  A shock serpent (Snake:1)
  7 naga sharpshooters
  2 orc high priests (Orc:2)
  A soul eater (Orc:2)
  7 deep elf knights (Elf:1)
  A sun demon (Lair:8)
  A fire crab (shapeshifter) (Elf:1)
  10 sea snakes
  5 orc knights (Orc:2)
  11 deep elf archers (Elf:1)
  A hill giant (D:10)
  2 naga ritualists (Snake:1)
  A necromancer (IceCv)
  A gelid demonspawn (Orc:2)
  7 harpies
  A wizard (Lair:8)
  3 mana vipers (Snake:1)
  11 fauns
  30 deep elf magi (Elf:1)
  5 salamanders
  9 orc sorcerers (Orc:2)
  5 griffons
  4 manticores
  2 cyclopes
  3 elephants
  3 ice statues (IceCv)
  8 sirens
  2 orange demons (Lair:8)
  14 black mambas
  4 water nymphs
  A smoke demon (Lair:8)
  3 guardian serpents
  A gargoyle (D:12)
  8 spiny frogs
  11 naga magi
  9 komodo dragons
  The ghost of HEYYEYAAE the Chiller, a novice DrIE (D:5)
  3 rime drakes
  A hellwing (Lair:8)
  9 ice devils
  5 trolls
  2 red devils
  2 polar bears (Lair:7)
  25 merfolk
  3 wind drakes
  16 blink frogs
  8 snapping turtles
  An air elemental (Elf:1)
  A vampire (D:12)
  A redback (Lab)
  A spriggan (D:8)
  A wraith (D:11)
  3 wyverns
  6 yaks
  9 basilisks
  2 hogs (Snake:1)
  7 water elementals
  2 fire elementals
  2 steam dragons
  4 hungry ghosts
  A chaos spawn (Orc:2)
  10 hippogriffs
  A mottled dragon (D:11)
  2 wargs (Orc:2)
  13 nagas
  5 hell hounds
  17 water moccasins
  11 porcupines
  36 orc warriors
  4 black bears
  9 ice beasts
  2 sky beasts
  A necrophage (D:9)
  The ghost of ceb the Skirmisher, an amateur MiBe of Trog (D:3)
  2 phantoms
  11 ogres
  5 wolves
  8 centaurs
  11 crocodiles
  3 big kobolds
  14 giant frogs
  4 earth elementals
  A scorpion (D:9)
  2 killer bees
  9 wights
  6 howler monkeys (D:12)
  5 electric eels
  2 centaur zombies
  3 crimson imps
  2 giant frog zombies
  3 jellies (Lair:5)
  26 orc priests
  4 draconian simulacra (IceCv)
  2 hounds
  28 orc wizards
  4 giant frog skeletons
  A gnoll shaman (D:5)
  A centaur skeleton (D:5)
  9 iguanas
  Natasha (thrice) (D:4 D:5)
  A spriggan simulacrum (IceCv)
  7 worker ants
  A troll simulacrum (IceCv)
  13 sheep
  A hound skeleton (D:7)
  2 howler monkey zombies
  A worker ant zombie (D:5)
  17 adders
  9 gnolls
  57 river rats
  4 naga simulacra (IceCv)
  2 shadow imps
  6 oozes
  2 adder zombies
  4 worms
  2 dart slugs (D:1)
  4 giant geckos
  110 orcs
  A ball python (D:2)
  5 giant cockroaches
  9 goblins
  5 hobgoblins
  3 jackals (D:2)
  32 kobolds
  5 quokkas
  10 bats
  4 giant newts
  A jackal skeleton (D:5)
  10 rats
  A fungus (Lair:5)
  2 plants (Shoals:2)
  2 tentacles (Shoals:4)
969 creatures vanquished.

Vanquished Creatures (collateral kills)
  Polyphemus (Shoals:2)
  Kirke (Snake:1)
  Maud (D:12)
  Aizul (Snake:1)
  Snorg (D:12)
  4 merfolk impalers
  A minotaur (Lab)
  A hydra (Lair:2)
  An anaconda (Snake:1)
  A death yak (Shoals:2)
  A deep elf knight (Elf:1)
  2 sea snakes (Shoals:4)
  A naga ritualist (Snake:1)
  5 harpies
  A deep elf archer (Elf:1)
  An orc knight (Orc:2)
  A manticore (Shoals:4)
  5 deep elf magi (Elf:1)
  2 mana vipers (Snake:1)
  2 cyclopes
  A salamander (Snake:1)
  A naga mage (Snake:1)
  A guardian serpent (Snake:1)
  4 black mambas
  12 elephants
  4 spiny frogs
  3 gargoyles (D:12)
  An orange demon (Lair:8)
  2 komodo dragons
  2 ice devils
  A rime drake (Lair:8)
  2 red devils (Lair:8)
  12 merfolk
  23 blink frogs
  A slime creature (Lair:5)
  A redback (Lab)
  31 yaks
  2 basilisks
  A hungry ghost (Lab)
  5 hippogriffs
  A hog (Snake:1)
  A mottled dragon (D:11)
  2 nagas (Snake:1)
  5 porcupines
  4 ice beasts
  A sky beast (D:8)
  2 orc warriors
  An ogre (D:11)
  A wolf (Lair:7)
  An eye of draining (D:11)
  A centaur (D:11)
  2 crocodiles
  4 giant frogs
  A big kobold (D:10)
  A scorpion (D:8)
  15 killer bees
  2 wights (D:9)
  A howler monkey (D:12)
  A crimson imp (D:12)
  2 orc priests
  7 jellies
  4 iguanas
  29 sheep
  12 river rats
  6 oozes (Lair:5)
  12 orcs
  4 kobolds
  2 plants (Lair:2)
269 creatures vanquished.

Vanquished Creatures (others)
  2 dancing weapons (Elf:1)
  An orc wizard (D:6)
  A quokka (D:5)
  19 fungi
  4 plants
  69 tentacle segments (Shoals:4)
96 creatures vanquished.

Grand Total: 1334 creatures vanquished

Notes
Turn   | Place    | Note
--------------------------------------------------------------
     0 | D:1      | HEYYEYAAE the Draconian Ice Elementalist began the quest for the Orb.
     0 | D:1      | Reached XP level 1. HP: 14/14 MP: 3/3
   256 | D:1      | Reached XP level 2. HP: 6/20 MP: 0/5
   775 | D:1      | Reached XP level 3. HP: 27/27 MP: 6/6
  1446 | D:2      | Found a sacrificial altar of Ru.
  1464 | D:2      | Reached skill level 1 in Fighting
  1464 | D:2      | Reached skill level 4 in Ice Magic
  1464 | D:2      | Reached XP level 4. HP: 7/35 MP: 2/8
  2305 | D:3      | Noticed ceb's ghost (amateur MiBe)
  2328 | D:3      | Killed ceb's ghost
  2328 | D:3      | Reached XP level 5. HP: 10/41 MP: 1/10
  2409 | D:3      | Paralysed by a kobold for 4 turns
  2944 | D:4      | Found a blossoming altar of Fedhas.
  3173 | D:4      | Noticed Natasha
  3175 | D:4      | Killed Natasha
  3175 | D:4      | Reached XP level 6. HP: 48/48 MP: 8/11
  3196 | D:4      | Found a staircase to the Ecumenical Temple.
  3224 | D:4      | Noticed Natasha
  3229 | D:4      | Killed Natasha
  3432 | Temple   | Entered the Ecumenical Temple
  3440 | Temple   | Became a worshipper of Warmaster Okawaru
  3487 | D:5      | Entered Level 5 of the Dungeon
  3584 | D:5      | Reached skill level 5 in Ice Magic
  3780 | D:5      | Reached * piety under Okawaru
  3780 | D:5      | Your scales start taking on a dull iron-grey colour.
  3780 | D:5      | Reached XP level 7. HP: 17/57 MP: 7/13
  3780 | D:5      | Gained mutation: You can survive without breathing. [Grey Draconian growth]
  4195 | D:5      | Found Ovvufaom's Armour Shoppe.
  4207 | D:5      | Noticed Natasha
  4227 | D:5      | Killed Natasha
  4413 | D:5      | Noticed HEYYEYAAE's ghost (novice DrIE)
  4745 | D:5      | Reached ** piety under Okawaru
  4745 | D:5      | Reached skill level 5 in Spellcasting
  4825 | D:5      | Found a runed door.
  4916 | D:5      | Killed HEYYEYAAE's ghost
  4916 | D:5      | Reached skill level 6 in Ice Magic
  4916 | D:5      | Reached XP level 8. HP: 66/66 MP: 8/16
  5237 | D:5      | Found a roughly hewn altar of Beogh.
  5598 | D:6      | Reached skill level 7 in Ice Magic
  5624 | D:6      | Reached *** piety under Okawaru
  6627 | D:7      | Reached skill level 5 in Fighting
  6627 | D:7      | Reached XP level 9. HP: 12/74 MP: 11/18
  6721 | D:7      | Found an ancient bone altar of Kikubaaqudgha.
  6866 | D:7      | Reached **** piety under Okawaru
  7285 | D:7      | Reached skill level 8 in Ice Magic
  7503 | D:7      | Noticed a moth of wrath
  7507 | D:7      | Found a bloodstained altar of Trog.
  7765 | D:8      | Reached skill level 5 in Dodging
  7904 | D:7      | Learned a level 4 spell: Throw Icicle
  7909 | D:7      | Learned a level 4 spell: Summon Ice Beast
  7912 | D:7      | Learned a level 2 spell: Throw Frost
  7916 | D:7      | Learned a level 3 spell: Ozocubu's Armour
  8342 | D:8      | Found a radiant altar of Vehumet.
  8430 | D:8      | Reached ***** piety under Okawaru
  8430 | D:8      | Reached skill level 9 in Ice Magic
  8452 | D:8      | Found a basalt altar of Yredelemnul.
  8536 | D:8      | Found a glowing silver altar of Zin.
  8536 | D:8      | Found a glowing golden altar of the Shining One.
  8715 | D:9      | Found a staircase to the Orcish Mines.
  8800 | D:9      | Reached XP level 10. HP: 67/83 MP: 10/21
  8802 | D:9      | Received a gift from Okawaru
  9169 | D:9      | Found Xaall's Antique Weapon Boutique.
  9311 | D:9      | Bought an iridescent spear for 216 gold pieces
  9311 | D:9      | Identified the +10 spear of Doom {flame, rC+ Int+5} (You bought it in a shop on level 9 of the Dungeon)
  9777 | D:10     | Entered Level 10 of the Dungeon
  9777 | D:10     | Noticed a hill giant
  9783 | D:10     | Killed a hill giant
 10035 | D:10     | Found Kemir's Weapon Shoppe.
 10240 | D:11     | Reached skill level 10 in Ice Magic
 10314 | D:11     | Found a staircase to the Lair.
 10904 | D:11     | Noticed a cyclops
 10911 | D:11     | Reached XP level 11. HP: 79/92 MP: 24/24
 11040 | D:11     | Received a gift from Okawaru
 11330 | D:12     | Found Wegh's Gadget Emporium.
 11344 | D:12     | Bought a sack of spiders for 300 gold pieces
 11400 | D:12     | Noticed Maud
 11416 | D:12     | Killed Maud
 11432 | D:12     | Noticed Snorg
 11442 | D:12     | Killed Snorg
 11442 | D:12     | Reached skill level 1 in Evocations
 12135 | D:12     | Reached skill level 11 in Ice Magic
 12271 | D:12     | Found Qatogurr's Pet Rocks.
 12455 | D:12     | Reached skill level 10 in Spellcasting
 12541 | D:13     | Noticed Rupert
 12623 | Lair:1   | Entered Level 1 of the Lair of Beasts
 12849 | Lair:1   | Reached ****** piety under Okawaru
 12984 | Lair:1   | Received a gift from Okawaru
 12999 | Lair:1   | Got a bloodstained cloak {god gift}
 13011 | Lair:1   | Identified the +0 cloak of Refuge {*Confuse rN+ Int+4} (Okawaru gifted it to you on level 1 of the Lair of Beasts)
 13736 | Lair:2   | Found a frozen archway.
 13773 | Lair:2   | Reached XP level 12. HP: 77/103 MP: 14/26
 13867 | IceCv    | Entered an ice cave
 15246 | IceCv    | Identified a +1 pair of boots of running (You found it in an ice cave)
 15387 | Lair:2   | Noticed a seven-headed hydra
 15392 | Lair:2   | Killed a seven-headed hydra
 15392 | Lair:2   | Received a gift from Okawaru
 15392 | Lair:2   | Reached skill level 12 in Ice Magic
 15556 | Lair:2   | Noticed a five-headed hydra
 15585 | Lair:2   | Killed a five-headed hydra
 15758 | Lair:2   | Got a heavily runed wooden ring
 15797 | Lair:2   | Identified the ring "Tausk" {SustAt MR+ Str+4 SInv} (You found it on level 2 of the Lair of Beasts)
 16417 | Lair:3   | Noticed a six-headed hydra
 16424 | Lair:3   | Killed a six-headed hydra
 16455 | Lair:3   | Found a staircase to the Shoals.
 16701 | Lair:3   | Noticed a seven-headed hydra
 16707 | Lair:3   | Killed a seven-headed hydra
 17179 | Lair:3   | Reached skill level 5 in Evocations
 17794 | Lair:4   | Noticed a seven-headed hydra
 17799 | Lair:4   | Killed a seven-headed hydra
 17805 | Lair:4   | Received a gift from Okawaru
 17809 | Lair:4   | Got a distressingly furry hat {god gift}
 17821 | Lair:4   | Identified the +2 hat of the Leaf {Int+9} (Okawaru gifted it to you on level 4 of the Lair of Beasts)
 17976 | Lair:4   | Reached XP level 13. HP: 101/112 MP: 17/28
 18459 | Lair:4   | Got a coiled marble ring
 18799 | Lair:5   | Reached skill level 10 in Fighting
 18999 | Lair:5   | Received a gift from Okawaru
 19004 | Lair:5   | Identified the ring of Piompo {rC+ Int+5 Dex+3} (You found it on level 4 of the Lair of Beasts)
 19748 | Lair:6   | Reached skill level 13 in Ice Magic
 19978 | Lair:6   | Found a staircase to the Snake Pit.
 20117 | Lair:6   | Learned a level 1 spell: Summon Butterflies
 20119 | Lair:6   | Learned a level 1 spell: Apportation
 20126 | Lair:6   | Learned a level 6 spell: Haste
 20136 | Lair:6   | Learned a level 6 spell: Deflect Missiles
 20465 | Lair:7   | Reached skill level 1 in Charms
 20648 | Lair:7   | Found a staircase to the Slime Pits.
 20733 | Lair:7   | Found a labyrinth entrance.
 20749 | Lab      | Entered a labyrinth
 21483 | Lab      | Noticed a minotaur
 21513 | Lab      | Killed a minotaur
 21596 | Lab      | Identified the Reference Book on Supportive Transmutation (You found it in a labyrinth)
 21596 | Lab      | Got a shimmering lead ring
 21617 | Lab      | Identified the ring of Maedor {rF+ MP+9 Int+4} (You found it in a labyrinth)
 21684 | Lair:7   | Received a gift from Okawaru
 22580 | Lair:7   | Gained mutation: Your magical capacity is low (-10% MP). [potion of mutation]
 22580 | Lair:7   | Gained mutation: Your flesh is heat resistant. [potion of mutation]
 22581 | Lair:7   | Lost mutation: Your flesh is heat resistant. [potion of cure mutation]
 22581 | Lair:7   | Lost mutation: Your magical capacity is low (-10% MP). [potion of cure mutation]
 22608 | Lair:8   | Entered Level 8 of the Lair of Beasts
 22672 | Lair:8   | Noticed a dire elephant
 22679 | Lair:8   | Reached XP level 14. HP: 92/122 MP: 20/30
 22903 | Lair:8   | Got a jewelled hunting sling
 22905 | Lair:8   | Identified the cursed +2 hunting sling of Fixation {freeze, rN+ MR+} (You found it on level 8 of the Lair of Beasts)
 23212 | Lair:8   | Received a gift from Okawaru
 24082 | Lair:8   | Found a burning altar of Makhleb.
 24105 | Lair:8   | Received a gift from Okawaru
 24484 | Lair:8   | Found a gateway to Hell.
 24635 | Snake:1  | Entered Level 1 of the Snake Pit
 24641 | Snake:1  | Reached skill level 5 in Charms
 24861 | Snake:1  | Noticed Kirke
 24877 | Snake:1  | Killed Kirke
 24877 | Snake:1  | Reached skill level 14 in Ice Magic
 25265 | Snake:1  | Noticed a greater naga
 25271 | Snake:1  | Found a shattered altar of Ashenzari.
 25398 | Snake:1  | Received a gift from Okawaru
 25404 | Snake:1  | Noticed Aizul
 26381 | Snake:1  | Killed Aizul
 26659 | Snake:1  | Reached XP level 15. HP: 117/130 MP: 21/32
 27347 | Snake:1  | Received a gift from Okawaru
 27695 | Snake:1  | Killed a greater naga
 27931 | Snake:2  | Noticed Roxanne
 27972 | Snake:2  | Killed Roxanne
 27974 | Snake:2  | Identified Roxanne's Guide on Changing (You took it off Roxanne on level 2 of the Snake Pit)
 28608 | Snake:2  | Received a gift from Okawaru
 28641 | Snake:2  | Found a runed gate.
 28642 | Snake:2  | Found a runed gate.
 28642 | Snake:2  | Found a runed gate.
 28658 | Snake:2  | Reached skill level 10 in Dodging
 28752 | Snake:2  | Noticed Vashnia
 29007 | Orc:1    | Entered Level 1 of the Orcish Mines
 29450 | Orc:2    | Entered Level 2 of the Orcish Mines
 29450 | Orc:2    | Noticed Azrael
 29698 | Orc:2    | Killed Azrael
 30055 | Orc:2    | Noticed an orc warlord
 30085 | Orc:2    | Killed an orc warlord
 30208 | Orc:2    | Found Qax Sag's Armour Shop.
 30332 | Orc:2    | Found a staircase to the Elven Halls.
 30472 | Orc:2    | Found Puewigog's General Store.
 30474 | Orc:2    | Found Meubbe Hytso's General Store.
 31119 | Orc:2    | Bought the cursed +0 pair of boots of Anaesthesia {*Contam rCorr MP+9 Int+5} for 266 gold pieces
 31515 | Orc:2    | Reached skill level 15 in Ice Magic
 31545 | Orc:2    | Received a gift from Okawaru
 31890 | Orc:2    | Found Irghait's Antique Weapon Boutique.
 31890 | Orc:2    | Found a one-way gate leading to the halls of Pandemonium.
 31890 | Orc:2    | Found Xumily's Book Shop.
 31894 | Orc:2    | Bought a book of Annihilations for 1545 gold pieces
 31904 | Orc:2    | Learned a level 9 spell: Glaciate
 32523 | Elf:1    | Entered Level 1 of the Elven Halls
 32729 | Elf:1    | Found a radiant altar of Vehumet.
 32741 | Elf:1    | Reached XP level 16. HP: 123/139 MP: 2/34
 33104 | Elf:1    | Received a gift from Okawaru
 34010 | Elf:1    | Found a radiant altar of Vehumet.
 34274 | Elf:1    | Found Jopaple's Distillery.
 34342 | Elf:1    | Bought a potion of heal wounds for 70 gold pieces
 34676 | Elf:1    | Received a gift from Okawaru
 35845 | Shoals:1 | Entered Level 1 of the Shoals
 36053 | Shoals:1 | Found Zicroup's Distillery.
 36063 | Shoals:1 | Bought a potion of mutation for 47 gold pieces
 36064 | Shoals:1 | Gained mutation: Your body sometimes deteriorates upon taking damage. [potion of mutation]
 36064 | Shoals:1 | Gained mutation: You are clumsy. (Dex -2) [potion of mutation]
 36064 | Shoals:1 | Gained mutation: You are occasionally teleported next to monsters. [potion of mutation]
 36065 | Shoals:1 | Lost mutation: You are clumsy. (Dex -2) [potion of cure mutation]
 36065 | Shoals:1 | Lost mutation: Your body sometimes deteriorates upon taking damage. [potion of cure mutation]
 36065 | Shoals:1 | Lost mutation: You are occasionally teleported next to monsters. [potion of cure mutation]
 36133 | Shoals:1 | Found Foparrug's Magic Scroll Emporium.
 36214 | Shoals:1 | Found Sesiop's Book Shoppe.
 36274 | Shoals:1 | Found Waxiadod's Assorted Antiques.
 36820 | Shoals:1 | Found Omeok's Assorted Antiques.
 36860 | Shoals:1 | Found a blossoming altar of Fedhas.
 37182 | Shoals:2 | Noticed Jorgrun
 37191 | Shoals:2 | Killed Jorgrun
 37266 | Shoals:2 | Noticed Polyphemus
 37300 | Shoals:2 | Killed Polyphemus
 37300 | Shoals:2 | Reached skill level 16 in Ice Magic
 37335 | Shoals:2 | Received a gift from Okawaru
 37395 | Shoals:2 | Got a warped buckler {god gift}
 37549 | Shoals:2 | Reached XP level 17. HP: 93/148 MP: 22/35
 38033 | Shoals:1 | Identified the +1 buckler "Putucuu" {rElec MP+9 Dex+3} (Okawaru gifted it to you on level 2 of the Shoals)
 38335 | Shoals:2 | Reached skill level 1 in Shields
 38373 | Shoals:2 | Reached skill level 15 in Spellcasting
 39305 | Shoals:3 | Received a gift from Okawaru
 39380 | Shoals:3 | Found Pocyb's Magic Scroll Shop.
 39853 | Shoals:4 | Entered Level 4 of the Shoals
 39992 | Shoals:4 | Noticed Ilsuiw
 40449 | Shoals:4 | Noticed a kraken
 40462 | Shoals:4 | Slain by a tentacle

Skill      XL: |  1  2  3  4  5  6  7  8  9 10 11 12 13 14 15 16 17 |
---------------+----------------------------------------------------+-----
Dodging        | 2 3 4 5 6 7 8 9 10 11 | 11.1
Fighting       | 1 2 3 5 6 7 8 9 10 11 12 13 | 13.4
Spellcasting   | 3 4 5 6 7 9 10 11 12 13 14 15 | 15.3
Ice Magic      | 4 5 6 7 9 10 11 12 13 14 15 16 | 16.5
Evocations     | 3 5 6 7 8 9 |  9.7
Charms         | 3 6 8 9 |  9.0
Shields        | 4 |  4.0
Stealth        | |  1.7
Conjurations   | |  1.0

Action                   |  1- 3 |  4- 6 |  7- 9 | 10-12 | 13-15 | 16-18 || total
-------------------------+-------+-------+-------+-------+-------+-------++-------
Melee: Hand axe          |    98 |    19 |       |       |       |       ||   117
       Unarmed           |     9 |    55 |       |       |       |       ||    64
       Tailslap          |     7 |    13 |    44 |    73 |    98 |    21 ||   256
       Spear             |       |    79 |   167 |   733 |   816 |   162 ||  1957
       Broad axe         |       |       |   200 |       |       |       ||   200
       War axe           |       |       |   114 |    78 |       |       ||   192
 Fire: Shortbow          |       |       |    40 |       |       |       ||    40
 Cast: Freeze            |    21 |    56 |   111 |     6 |     5 |     2 ||   201
       Throw Icicle      |       |       |     9 |    91 |   530 |   455 ||  1085
       Summon Ice Beast  |       |       |     4 |   104 |   117 |    47 ||   272
       Haste             |       |       |       |       |       |     4 ||     4
       Deflect Missiles  |       |       |       |       |       |     4 ||     4
Evoke: Wand              |       |     6 |    16 |     3 |    95 |    25 ||   145
       Sack of spiders   |       |       |       |     9 |       |       ||     9
  Use: Scroll            |       |    10 |     9 |    14 |    22 |     8 ||    63
       Potion            |       |     1 |    11 |     7 |    10 |     8 ||    37
 Stab: Sleeping          |     3 |     5 |     4 |     8 |     4 |       ||    24
       Paralysed         |       |     2 |    10 |       |    36 |       ||    48
       Distracted        |       |     1 |       |     6 |     1 |     2 ||    10
       Confused          |       |       |       |       |    12 |     3 ||    15
  Eat: Chunk             |     1 |     4 |    13 |    19 |    33 |    17 ||    87
       Pizza             |     1 |       |       |     7 |     4 |     1 ||    13
       Beef jerky        |       |     1 |       |     2 |     1 |     2 ||     6
       Fruit             |       |     2 |     4 |       |     3 |       ||     9
       Royal jelly       |       |       |     1 |       |     1 |     2 ||     4
       Bread ration      |       |       |     1 |       |     1 |     2 ||     4
Armor: Skin              |    50 |    92 |   417 |   374 |   357 |   137 ||  1427
Dodge: Dodged            |   103 |   177 |   575 |   667 |   860 |   455 ||  2837
       Deflected         |       |       |       |       |       |    16 ||    16
Block: Buckler           |       |       |       |       |       |    69 ||    69
